 Dungeon Crawl Stone Soup version 0.26.1-11-gd32895ea62 (webtiles) character file.

Game seed: 4012597393114391591

46575 raph the Dealer of Despair (level 14, -4/106 HPs)
             Began as a Human Necromancer on May 5, 2021.
             Was an Elder of Kikubaaqudgha.
             Slain by Gastronok (32 damage)
             ... on level 12 of the Dungeon.
             The game lasted 01:12:31 (39440 turns).

raph the Dealer of Despair (Human Necromancer)     Turns: 39440, Time: 01:12:31

Health: -4/106     AC:  1    Str:  9    XL:     14   Next: 77%
Magic:  28/36      EV: 18    Int: 26    God:    Kikubaaqudgha [****..]
Gold:   2082       SH:  5    Dex: 17    Spells: 4/32 levels left

rFire    . . .     SeeInvis .   a - +3 broad axe (freeze)
rCold    . . .     Faith    .   x - +0 buckler
rNeg     . . .     Spirit   .   p - +3 leather armour
rPois    .         Reflect  .   y - +0 hat
rElec    .         Harm     .   I - +1 cloak
rCorr    .         Rampage  .   i - +1 pair of gloves {Dex+3}
Will     +....                  Y - +2 pair of boots
Stlth    +++.......             (no amulet)
HPRegen  0.27/turn              q - ring of magical power
MPRegen  0.25/turn              C - +6 ring of intelligence

@: corroded, slowed, very slow
A: no striking features
a: Renounce Religion, Receive Corpses


You were on level 12 of the Dungeon.
You worshipped Kikubaaqudgha.
Kikubaaqudgha was greatly pleased with you.
You visited 4 branches of the dungeon, and saw 20 of its levels.

You collected 2284 gold pieces.
You spent 202 gold pieces at shops.

Inventory:

Hand Weapons
 a - a +3 broad axe of freezing (weapon)
 b - a +2 war axe of protection
Missiles
 v - 2 throwing nets
 O - 424 stones
Armour
 e - a +2 pair of gloves of archery
 i - a +1 pair of gloves of dexterity (worn)
 p - a +3 leather armour (worn)
 x - a +0 buckler (worn)
 y - a +0 hat (worn)
 I - a +1 cloak (worn)
 Y - a +2 pair of boots (worn)
Magical Staves
 r - an uncursed staff of fire
 R - an uncursed staff of air
Jewellery
 j - an uncursed ring of willpower {unknown}
 q - a ring of magical power (left hand)
 C - a +6 ring of intelligence (right hand)
 J - an uncursed ring of wizardry
 M - an uncursed ring of see invisible
Wands
 f - a wand of random effects (51)
 D - a wand of flame (54)
 H - a wand of disintegration (26)
 L - a wand of iceblast (18)
 N - a wand of paralysis (13)
 P - a wand of acid (1)
 Q - a wand of enslavement (8)
 Z - a wand of digging (4)
Scrolls
 c - 9 scrolls of remove curse
 n - 2 scrolls of fear
 s - 2 scrolls of magic mapping
 t - 17 scrolls of identify
 w - 2 scrolls of teleportation
 B - 5 scrolls of amnesia
Potions
 d - 2 potions of berserk rage
 g - 3 potions of lignification
 h - 5 potions of might
 k - 6 potions of haste
 l - 2 potions of cancellation
 m - 4 potions of brilliance
 o - 4 potions of heal wounds
 u - 7 potions of curing
 A - 3 potions of mutation
 E - 2 potions of invisibility {unknown}
 F - a potion of attraction {unknown}
 G - a potion of resistance
 X - 3 potions of flight


   Skills:
 - Level 8.8 Fighting
 + Level 9.2 Axes
 - Level 9.2 Dodging
 - Level 6.9 Stealth
 - Level 4.0 Shields
 - Level 9.8 Spellcasting
 - Level 12.0 Necromancy
 - Level 9.5 Earth Magic


You had 4 spell levels left.
You knew the following spells:

 Your Spells              Type           Power        Failure   Level
a - Pain                  Necr           100%         1%          1
b - Animate Skeleton      Necr           100%         1%          1
c - Vampiric Draining     Necr           33%          1%          3
d - Animate Dead          Necr           33%          1%          4
e - Sublimation of Blood  Necr           33%          1%          2
f - Agony                 Necr           66%          1%          5
g - Sandblast             Erth           100%         1%          1
h - Passwall              Tmut/Erth      30%          1%          2
i - Lee's Rapid Deconstr  Erth           29%          3%          5
j - Dispel Undead         Necr           66%          1%          4

Your spell library contained the following spells:

 Spells                   Type           Power        Failure   Level
 Stone Arrow              Conj/Erth      74%          2%          3
 Apportation              Tloc           24%          7%          1
 Beastly Appendage        Tmut           24%          7%          1
 Wereblood                Tmut           12%          10%         2
 Petrify                  Tmut/Erth      37%          10%         4
 Lesser Beckoning         Tloc           6%           21%         3
 Spider Form              Tmut/Pois      6%           21%         3
 Tukima's Dance           Hex            12%          21%         3
 Ice Form                 Ice/Tmut       12%          54%         4
 Excruciating Wounds      Necr           33%          1%          5
 Simulacrum               Ice/Necr       22%          63%         6
 Alistair's Intoxication  Tmut/Pois      8%           88%         5
 Blade Hands              Tmut           6%           88%         5
 Invisibility             Hex            12%          100%        6


Dungeon Overview and Level Annotations

Branches:
Dungeon (12/15)            Temple (1/1) D:5            Lair (5/6) D:8
 Shoals (0/4) Lair:4        Snake (0/4) Lair:4          Orc (2/2) D:9
    Elf (0/3) Orc:2
  Slime: Lair:5-6

Altars:
Ashenzari
Cheibriados
Dithmenos
Elyvilon
Fedhas
Gozag
Hepliaklqana
Kikubaaqudgha
Makhleb
Nemelex Xobeh
Okawaru
Qazlal
Ru
Sif Muna
Trog
Uskayaw
Vehumet
Wu Jian
Xom
Yredelemnul
Zin
The Shining One
Beogh
Jiyva

Shops:
Orc:1 [

Annotations:
D:7 3 runed translucent doors, Afudatuk's ghost, novice TrBe
D:11 3 runed translucent doors, Soul3d's ghost, novice DEIE
D:12 Gastronok
Lair:1 3 runed translucent doors, Dustman's ghost, novice DrVM
Lair:5 3 runed translucent doors, Caath's ghost, journeyman DrFi


Message History

Press: ? - help, Shift-Dir - straight line, f/p - Gastronok
Aim: Gastronok, wearing the +3 hat of Pondering {ponderous, Will+ MP+10 Int+5} (severely wounded) Gastronok is almost dead.
You feel life coursing into your body! The brown ugly thing tail-slaps you!
The acid corrodes you!
You are splashed with acid!
Gastronok's mouth opens, radula flailing wildly.
You block Gastronok's attack.
An ice beast comes into view.
Casting: Vampiric Draining (safe; 1% risk of failure)
Confirm with . or Enter, or press ? or * to list all spells.
Aiming: Vampiric Draining (safe; 1% risk of failure)
Press: ? - help, Shift-Dir - straight line, f/p - Gastronok
Aim: Gastronok, wearing the +3 hat of Pondering {ponderous, Will+ MP+10 Int+5} (almost dead) Gastronok is almost dead.
You feel life coursing into your body! The brown ugly thing tail-slaps you!
You are splashed with acid!
* * * LOW HITPOINT WARNING * * *
Gastronok bites you!!
You die...
Kikubaaqudgha rasps: "You have failed me!
Welcome... death!"

###### ##..............
...... .......Y........
...... ................
...... .?.............
###### #............. #
#....!....?... #
#....u........
###########.....@w......
........................
..............(.........
.....†......############
..>..†......#
............#
...............
.................
.################


You could see Gastronok, a brown ugly thing and an ice beast.

Vanquished Creatures
  Kirke (Lair:3)
  Donald (Orc:2)
  An orc warlord (Orc:1)
  Harold (D:9)
  A boulder beetle (Lair:2)
  5 hydras
  2 two-headed ogres
  3 death yaks
  An orc knight (D:9)
  A manticore (D:11)
  An orc sorcerer (Orc:1)
  3 cyclopes
  11 elephants
  Maurice (D:9)
  A black mamba (Lair:3)
  10 cane toads
  8 rime drakes
  8 komodo dragons
  A polar bear (Lair:4)
  2 trolls
  12 blink frogs
  Grinder (D:2)
  2 wraiths
  12 wyverns
  4 hogs (Lair:3)
  7 basilisks
  A steam dragon (D:11)
  28 yaks
  A warg (Orc:1)
  2 acid dragons
  14 water moccasins
  A hell hound (Lair:5)
  17 orc warriors
  3 sky beasts
  3 necrophages
  2 ice beasts
  An eye of draining (D:11)
  4 phantoms
  11 ogres
  6 wolves
  2 centaurs
  A big kobold (D:10)
  8 bullfrogs
  6 scorpions
  2 wights
  3 bullfrog zombies
  4 howler monkeys
  3 jellies
  10 orc priests
  3 centaur skeletons
  9 orc wizards
  2 bullfrog skeletons
  3 iguanas
  11 worker ants
  2 hell rats (Lair:5)
  A hound zombie (D:5)
  12 adders
  2 shadow imps
  5 ufetubi
  An ooze (D:3)
  3 adder skeletons
  An adder zombie (D:9)
  5 worms
  5 leopard geckos
  69 orcs
  9 bats
  3 giant cockroaches
  8 goblins
  5 hobgoblins (D:1)
  6 jackals
  16 kobolds
  4 quokkas
  4 ball pythons
  7 frilled lizards
  3 leopard gecko skeletons (D:4)
  A quokka skeleton (D:4)
  A quokka zombie (D:5)
  12 rats
447 creatures vanquished.

Vanquished Creatures (collateral kills)
  An elephant (Lair:5)
  A black mamba (Lair:2)
  A blink frog (Lair:1)
  3 wyverns (Lair:5)
  A basilisk (Lair:4)
  2 yaks
  A centaur (Lair:4)
  3 bullfrogs
  3 wights (D:11)
  A hell rat (Lair:5)
  An adder skeleton (D:7)
  An orc (D:9)
  A jackal (D:7)
  A rat (D:1)
21 creatures vanquished.

Vanquished Creatures (others)
  A human (Lair:3)
  44 fungi
  59 plants
104 creatures vanquished.

Grand Total: 572 creatures vanquished

Notes
Turn   | Place    | Note
-------+----------+-------------------------------------------
     0 | D:1      | raph the Human Necromancer began the quest for the Orb.
     0 | D:1      | Reached XP level 1. HP: 13/13 MP: 3/3
   374 | D:1      | Reached XP level 2. HP: 17/19 MP: 1/5
   618 | D:1      | Learned a level 1 spell: Animate Skeleton
   828 | D:1      | Reached XP level 3. HP: 23/24 MP: 6/6
   832 | D:1      | Learned a level 3 spell: Vampiric Draining
  2016 | D:2      | Reached XP level 4. HP: 28/30 MP: 4/7
  2715 | D:2      | Found a faded altar of an unknown god.
  2792 | D:3      | Noticed Grinder
  3001 | D:3      | Reached XP level 5. HP: 25/36 MP: 0/8
  3171 | D:3      | Learned a level 4 spell: Animate Dead
  3289 | D:3      | Reached skill level 1 in Fighting
  3289 | D:3      | Reached skill level 5 in Necromancy
  4519 | D:3      | Found a hazy altar of Hepliaklqana.
  5175 | D:4      | Reached XP level 6. HP: 39/43 MP: 5/10
  5716 | D:4      | Noticed a phantom
  6134 | D:4      | Noticed an ogre
  6334 | D:5      | Entered Level 5 of the Dungeon
  6334 | D:5      | Noticed an ice beast
  6509 | D:5      | Reached XP level 7. HP: 50/50 MP: 11/11
  6604 | D:5      | Found a blossoming altar of Fedhas.
  6722 | D:5      | Reached skill level 6 in Necromancy
  7013 | D:5      | Found a staircase to the Ecumenical Temple.
  7042 | Temple   | Entered the Ecumenical Temple
  7223 | Temple   | Became a worshipper of Kikubaaqudgha
  7916 | D:6      | Reached skill level 1 in Shields
  8268 | D:6      | Reached XP level 8. HP: 43/58 MP: 13/13
  8500 | D:6      | Found a radiant altar of Vehumet.
  8503 | D:6      | Found a basalt altar of Yredelemnul.
  8830 | D:7      | Found a snail-covered altar of Cheibriados.
  8920 | D:7      | Found a glowing golden altar of the Shining One.
  8922 | D:7      | Found a white marble altar of Elyvilon.
  9518 | D:7      | Reached * piety under Kikubaaqudgha
  9518 | D:7      | Identified Kikubaaqudgha's Guide on Dark Arts
                  | (Kikubaaqudgha gifted it to you on level 7 of the Dungeon)
  9518 | D:7      | Received a gift from Kikubaaqudgha
  9547 | D:7      | Learned a level 2 spell: Sublimation of Blood
  9566 | D:7      | Noticed Afudatuk's ghost (novice TrBe)
 10158 | D:7      | Found a runed translucent gate.
 10158 | D:7      | Found a runed translucent gate.
 10158 | D:7      | Found a runed translucent gate.
 10762 | D:8      | Noticed a death yak
 10762 | D:8      | Noticed a death yak
 10796 | D:8      | Noticed a death yak
 10916 | D:8      | Noticed a two-headed ogre
 10918 | D:8      | Reached skill level 7 in Necromancy
 10918 | D:8      | Reached XP level 9. HP: 62/65 MP: 15/15
 10924 | D:8      | Learned a level 5 spell: Agony
 10953 | D:8      | Killed a two-headed ogre
 10954 | D:8      | Reached skill level 5 in Dodging
 10954 | D:8      | Reached skill level 5 in Spellcasting
 11628 | D:8      | Reached skill level 5 in Fighting
 11928 | D:9      | Noticed a two-headed ogre
 11938 | D:9      | Killed a two-headed ogre
 11939 | D:9      | Reached skill level 8 in Necromancy
 11939 | D:9      | Reached XP level 10. HP: 41/75 MP: 8/19
 12907 | D:9      | Noticed Maurice
 12916 | D:9      | Killed Maurice
 13241 | D:9      | Found a roughly hewn altar of Beogh.
 13241 | D:9      | Found a staircase to the Orcish Mines.
 13721 | D:9      | Reached ** piety under Kikubaaqudgha
 13794 | D:9      | Reached skill level 1 in Axes
 14542 | D:9      | Noticed Harold
 14555 | D:9      | Killed Harold
 14556 | D:9      | Reached skill level 9 in Necromancy
 14556 | D:9      | Reached XP level 11. HP: 65/83 MP: 6/21
 15244 | D:10     | Entered Level 10 of the Dungeon
 15704 | D:10     | Learned a level 1 spell: Sandblast
 15829 | D:10     | Noticed a cyclops
 16075 | D:10     | Killed a cyclops
 16599 | D:8      | Found a staircase to the Lair.
 16819 | D:8      | Learned a level 2 spell: Passwall
 16889 | Lair:1   | Entered Level 1 of the Lair of Beasts
 17205 | Lair:1   | Found a runed translucent gate.
 17205 | Lair:1   | Found a runed translucent gate.
 17205 | Lair:1   | Found a runed translucent gate.
 17356 | Lair:1   | Reached skill level 1 in Earth Magic
 18215 | Lair:1   | Noticed Dustman's ghost (novice DrVM)
 18217 | Lair:1   | Found a viscous altar of Jiyva.
 19226 | Lair:2   | Noticed a boulder beetle
 19314 | Lair:2   | Reached XP level 12. HP: 83/91 MP: 8/23
 19326 | Lair:2   | Reached skill level 5 in Stealth
 19909 | Lair:2   | Reached skill level 10 in Necromancy
 20149 | Lair:2   | Killed a boulder beetle
 21902 | Lair:3   | Reached *** piety under Kikubaaqudgha
 21902 | Lair:3   | Identified Kikubaaqudgha's Tome of Unholy Rites
                  | (Kikubaaqudgha gifted it to you on level 3 of the Lair of
                  | Beasts)
 21902 | Lair:3   | Received a gift from Kikubaaqudgha
 22147 | Lair:2   | Reached skill level 5 in Axes
 22241 | Lair:2   | Reached skill level 5 in Earth Magic
 23011 | Lair:3   | Reached XP level 13. HP: 99/99 MP: 25/25
 23869 | Lair:4   | Noticed Kirke
 24681 | Lair:3   | Killed Kirke
 24682 | Lair:3   | Reached skill level 11 in Necromancy
 25295 | Lair:4   | Found a staircase to the Snake Pit.
 25522 | Lair:4   | Learned a level 5 spell: Lee's Rapid Deconstruction
 26106 | Lair:4   | Noticed a seven-headed hydra
 27006 | Lair:4   | Found a staircase to the Shoals.
 27488 | Lair:5   | Noticed a six-headed hydra
 27500 | Lair:5   | Killed a seven-headed hydra
 27748 | Lair:5   | Noticed a six-headed hydra
 28122 | Lair:5   | Killed a seven-headed hydra
 29314 | Lair:2   | Killed a seven-headed hydra
 30121 | Lair:5   | Found a runed translucent gate.
 30122 | Lair:5   | Found a runed translucent gate.
 30131 | Lair:5   | Noticed Caath's ghost (journeyman DrFi)
 30135 | Lair:5   | Reached XP level 14. HP: 82/106 MP: 16/27
 30164 | Lair:5   | Reached **** piety under Kikubaaqudgha
 30989 | Lair:5   | Found a runed translucent gate.
 32377 | D:2      | Paralysed by Grinder for 2 turns
 32380 | D:2      | Killed Grinder
 33500 | D:8      | Learned a level 4 spell: Dispel Undead
 33903 | Orc:1    | Entered Level 1 of the Orcish Mines
 34873 | Orc:1    | Found Wegohaot's Antique Armour Emporium.
 34877 | Orc:1    | Noticed an orc warlord
 35387 | Orc:1    | Killed an orc warlord
 35411 | Orc:1    | Reached skill level 12 in Necromancy
 35764 | Orc:1    | Bought a pair of glowing gloves for 202 gold pieces
 35815 | Orc:2    | Entered Level 2 of the Orcish Mines
 35815 | Orc:2    | Found a staircase to the Elven Halls.
 35846 | Orc:2    | Noticed Donald
 35855 | Orc:2    | Killed Donald
 37309 | D:11     | Noticed a tengu reaver
 37310 | D:11     | Found a runed translucent gate.
 37310 | D:11     | Found a runed translucent gate.
 37312 | D:11     | Found a runed translucent gate.
 37456 | D:11     | Noticed Soul3d's ghost (novice DEIE)
 39422 | D:12     | Noticed Gastronok
 39440 | D:12     | Slain by Gastronok

Illustrated notes

Levels and vault maps discovered:
D:1:      lemuel_arrival_behind_the_door_small, layout_rooms,
          minmay_misc_feat_secret_circle, serial_bayou_pond_b
D:2:      layout_rooms, chequers_ecumenical_altar_simple
D:3:      layout_rooms, lemuel_round_altar, uniq_grinder
D:4:      minmay_chambers_of_twos, layout_rooms
D:5:      layout_loops_ring, temple_green, fedhas_altar_3
D:6:      layout_basic, chequers_temple_overflow_statue_of_worship
D:7:      layout_layer_cave, cheibrodos_worm_habitat,
          grunt_temple_overflow_open, gammafunk_ghost_icy
D:8:      layout_basic, dpeg_lair_monsters, minmay_fractal_squares_5
D:9:      layout_irregular_city, david_orc_5, uniq_harold, uniq_maurice
D:10:     minmay_bubble_buster, layout_long_grid
D:11:     layout_irregular_city, gammafunk_ghost_split,
          minmay_the_grid_square_5x5_3x3_mashed
          [minmay_the_grid_square_5x5_two_walls_b,
          minmay_the_grid_square_5x5_tri_point,
          minmay_the_grid_square_5x5_six_small,
          minmay_the_grid_square_5x5_fat_x,
          minmay_the_grid_square_5x5_megaprize_hollow,
          minmay_the_grid_square_5x5_minivault,
          minmay_the_grid_square_5x5_eight_small,
          minmay_the_grid_square_5x5_n_small,
          minmay_the_grid_square_5x5_hourglass]
D:12:     minmay_expanding_squares, layout_long_grid, uniq_gastronok
Temple:   eino_temple_scatter_basement
Lair:1:   layout_roguey, gammafunk_ghost_ooze, grunt_megastairs_4,
          wad_woods_river_01, infiniplex_staircase_pool
Lair:2:   layout_misc_corridors, portal_ice_cave_rime
Lair:3:   layout_long_grid, chequers_serial_rivers_large_b,
          infiniplex_staircase_pool_2
Lair:4:   layout_hall_layers, minmay_shoals_entry_centaurs,
          guppyfry_snake_entry_island, serial_bayou_pond_d, uniq_kirke
Lair:5:   layout_cave_pods, special_room [special_room_mythical_zoo],
          gammafunk_ghost_split
Orc:1:    cheibrodos_orc_arena, layout_caves, serial_shops,
          nicolae_shop_crystal, nicolae_orc_lava_room, uniq_sonja
Orc:2:    pf_orc_diabolical, layout_caves, ebering_ghost_rock_garden,
          uniq_erolcha, uniq_donald

Skill      XL: |  1  2  3  4  5  6  7  8  9 10 11 12 13 14 |
---------------+-------------------------------------------+-----
Fighting       | 1 2 3 5 6 7 8 |  8.8
Necromancy     | 5 6 7 8 9 10 11 12 | 12.0
Dodging        | 3 4 6 7 8 9 |  9.2
Spellcasting   | 3 4 6 7 8 9 |  9.8
Shields        | 1 3 4 |  4.0
Axes           | 2 4 5 6 9 |  9.2
Stealth        | 3 4 6 |  6.9
Earth Magic    | 2 5 7 9 |  9.5

Action                   |  1- 3 |  4- 6 |  7- 9 | 10-12 | 13-15 || total
-------------------------+-------+-------+-------+-------+-------++-------
Melee: Unarmed           |     3 |       |       |       |       ||     3
       Mace              |    40 |    42 |    42 |       |       ||   124
       War axe           |       |       |   106 |   323 |   398 ||   827
       Broad axe         |       |       |       |       |   158 ||   158
 Cast: Pain              |    51 |   123 |    54 |   120 |    26 ||   374
       Animate Skeleton  |     2 |    12 |     5 |    17 |     4 ||    40
       Vampiric Draining |       |    10 |    53 |   181 |   116 ||   360
       Animate Dead      |       |       |     3 |    11 |    15 ||    29
       Sandblast         |       |       |       |     8 |    19 ||    27
       Agony             |       |       |       |    40 |    83 ||   123
       Passwall          |       |       |       |     2 |     3 ||     5
       Lee's Rapid Decon |       |       |       |       |    48 ||    48
       Dispel Undead     |       |       |       |       |     4 ||     4
Invok: Receive Corpses   |       |       |       |     1 |     1 ||     2
Evoke: Wand              |       |       |     5 |     9 |    10 ||    24
  Use: Potion            |     3 |     2 |       |     2 |     3 ||    10
       Scroll            |       |    16 |     9 |     8 |     7 ||    40
 Stab: Sleeping          |     2 |     2 |     1 |     3 |     9 ||    17
       Distracted        |       |       |       |       |     1 ||     1
Armor: Robe              |    16 |     7 |       |       |       ||    23
       Leather armour    |       |    13 |    79 |   187 |   290 ||   569
Dodge: Dodged            |    70 |    54 |   153 |   490 |   704 ||  1471
Block: Buckler           |       |       |    39 |   148 |   204 ||   391
